 Dungeon Crawl Stone Soup version 0.22.0-40-g68aacdc4c8 (webtiles) character file.

2307 Peloso the Carver (level 9, -13/78 HPs)
             Began as a Minotaur Fighter on Sept 2, 2018.
             Was an Initiate of Okawaru.
             Mangled by a two-headed ogre
             ... wielding a cursed -3 giant club
              (24 damage)
             ... on level 8 of the Dungeon.
             The game lasted 00:13:43 (6499 turns).

Peloso the Carver (Minotaur Fighter)                Turns: 6499, Time: 00:13:44

Health: -13/78     AC: 13    Str: 23    XL:     9   Next: 18%
Magic:  9/9        EV:  7    Int:  5    God:    Okawaru [......]
Gold:   336        SH: 11    Dex: 11    Spells: 8/8 levels left

rFire    . . .     SeeInvis .   a - +0 long sword
rCold    . . .     Gourm    .   c - +0 shield
rNeg     . . .     Faith    .   b - +0 chain mail
rPois    +         Spirit   .   (helmet restricted)
rElec    .         Reflect  .   (no cloak)
rCorr    .         Harm     .   m - +0 pair of gloves
MR       +....                  d - +0 pair of boots
Stlth    ..........             (no amulet)
HPRegen  0.23/turn              B - ring of poison resistance
MPRegen  0.11/turn              C - ring of protection from magic

@: no status effects
A: retaliatory headbutt, horns 2
a: Renounce Religion


You were on level 8 of the Dungeon.
You worshipped Okawaru.
Okawaru was noncommittal.
You were hungry.

You visited 2 branches of the dungeon, and saw 9 of its levels.
You also visited: Sewer.

You collected 336 gold pieces.

Inventory:

Hand Weapons
 a - a +0 long sword (weapon)
Armour
 b - a +0 chain mail (worn)
 c - a +0 shield (worn)
 d - a +0 pair of boots (worn)
 m - a +0 pair of gloves (worn)
Jewellery
 B - a ring of poison resistance (left hand)
 C - a ring of protection from magic (right hand)
 E - a +2 ring of dexterity {unknown}
 F - a cursed ring of protection from magic
Wands
 n - a wand of paralysis (14)
 o - a wand of random effects (46)
 z - a wand of disintegration (19)
Scrolls
 e - 2 scrolls of noise
 h - 2 scrolls of remove curse
 r - 4 scrolls of blinking {unknown}
 u - 3 scrolls of teleportation {unknown}
 v - 3 scrolls of fear {unknown}
 w - a scroll of fog {unknown}
 y - 2 scrolls of magic mapping
 A - 2 scrolls of enchant armour {unknown}
Potions
 g - a potion of brilliance
 i - a potion of magic
 j - a potion of mutation {unknown}
 k - 7 potions of curing
 l - 2 potions of berserk rage {unknown}
 p - a potion of resistance {unknown}
 q - 2 potions of lignification {unknown}
 t - 2 potions of might
 x - a potion of haste {unknown}
 D - a potion of invisibility {unknown}
Comestibles
 f - 18 rations


   Skills:
 + Level 6.6 Fighting
 + Level 9.2 Long Blades
 + Level 7.5 Armour
 + Level 2.2 Dodging
 + Level 0.4 Stealth
 + Level 7.8 Shields
 + Level 1.3 Evocations


You had 8 spell levels left.
You didn't know any spells.
Your spell library contained the following spells:

 Spells                   Type           Power        Failure   Level  Hunger
 Confusing Touch          Hex            #.....       100%        1    ##.....
 Confuse                  Hex            #.......     100%        3    ####...
 Gell's Gravitas          Tloc           #.........   100%        3    ####...
 Petrify                  Tmut/Erth      #.......     100%        4    #####..
 Metabolic Englaciation   Hex/Ice        #.........   100%        5    ######.
 Yara's Violent Unravell  Hex/Tmut       #.........   100%        5    ######.


Dungeon Overview and Level Annotations

Branches:
Dungeon (8/15)             Temple (1/1) D:7
   Lair: D:8-11

Altars:
Ashenzari
Cheibriados
Dithmenos
Elyvilon
Fedhas
Gozag
Hepliaklqana
Kikubaaqudgha
Makhleb
Nemelex Xobeh
Okawaru
Qazlal
Ru
Sif Muna
Trog
Uskayaw
Wu Jian
Xom
Yredelemnul
Zin
The Shining One

Shops:
D:7 }


Innate Abilities, Weirdness & Mutations

You reflexively headbutt those who attack you in melee.
You have a pair of horns on your head.


Message History

The two-headed ogre hits you with a giant club.
Unknown command.
You hit the two-headed ogre but do no damage.
The two-headed ogre is severely wounded.
The two-headed ogre barely misses you.
The two-headed ogre hits you with a giant club!!
* * * LOW HITPOINT WARNING * * *
You slash the two-headed ogre!
The two-headed ogre is almost dead.
You hit the two-headed ogre but do no damage.
Your headbutt misses the two-headed ogre.
The two-headed ogre is almost dead.
The two-headed ogre misses you. The two-headed ogre barely misses you.
You hit the two-headed ogre.
You headbutt the two-headed ogre, but do no damage.
The two-headed ogre is almost dead.
The two-headed ogre hits you with a giant club!
* * * LOW HITPOINT WARNING * * *
The two-headed ogre hits you with a giant club!!
You die...

#*######### *** ****
#.,.......####,** *,,,
*###.#...........,,** *,**
*,...............,,,* *,**
*,*#.#.#....!....,,****,**
*,**.............,,,,,,,**
*.####.#.O....<.#,********
*........@......#,* *
**####..........#+** *
###.#######(,,** * ##:#
**,,,,,** * *#<.#
**,,,,,,,** *
*#...#***,,,,,,,,,****
***#....(.,+,,,,,,,,,+,,,
*,......###*,,,,,,,,,****
*.####..# **,,,,,,,** *


You could see a two-headed ogre.

Vanquished Creatures
  Grinder (D:4)
  Sigmund (D:2)
  2 ogres
  4 centaurs
  A bullfrog (D:6)
  A wyvern zombie (D:7)
  4 scorpions
  3 hounds
  2 bullfrog zombies
  A gnoll shaman (D:5)
  4 orc priests
  3 jellies
  A centaur skeleton (D:4)
  Natasha (thrice) (D:2)
  4 orc wizards
  6 worker ants
  2 hound skeletons (D:6)
  A howler monkey zombie (D:5)
  A worker ant zombie (D:3)
  6 gnolls
  13 adders
  3 shadow imps
  5 oozes
  2 worms
  A dart slug (D:1)
  4 leopard geckos
  15 orcs
  6 giant cockroaches
  4 goblins
  7 hobgoblins
  6 jackals (D:6)
  4 quokkas
  7 ball pythons
  12 bats
  6 frilled lizards
  A jackal zombie (D:3)
  6 kobolds
  A quokka skeleton (D:4)
  A quokka zombie (D:6)
  11 rats
166 creatures vanquished.

Vanquished Creatures (others)
  A jackal (D:6)
1 creature vanquished.

Grand Total: 167 creatures vanquished

Notes
Turn   | Place    | Note
-------+----------+-------------------------------------------
     0 | D:1      | Peloso the Minotaur Fighter began the quest for the Orb.
     0 | D:1      | Reached XP level 1. HP: 19/19 MP: 0/0
    75 | D:1      | Reached XP level 2. HP: 27/27 MP: 1/1
   663 | D:1      | Reached XP level 3. HP: 33/33 MP: 2/2
   765 | D:2      | Noticed Natasha
   774 | D:2      | Killed Natasha
   777 | D:2      | Noticed Natasha
   778 | D:2      | Noticed Sigmund
   783 | D:2      | Killed Natasha
   783 | D:2      | Reached XP level 4. HP: 29/41 MP: 3/3
   919 | D:2      | Killed Sigmund
   919 | D:2      | Reached skill level 4 in Long Blades
   919 | D:2      | Reached skill level 5 in Armour
   919 | D:2      | Reached XP level 5. HP: 43/47 MP: 4/4
  1380 | D:2      | Noticed Natasha
  1387 | D:2      | Reached skill level 1 in Dodging
  1400 | D:2      | Killed Natasha
  1400 | D:2      | Reached skill level 5 in Shields
  1400 | D:2      | Reached XP level 6. HP: 27/55 MP: 5/5
  2261 | D:3      | Found a glowing drain.
  2267 | Sewer    | Entered a sewer
  2811 | D:3      | Found a glowing golden altar of the Shining One.
  2820 | D:3      | Found a basalt altar of Yredelemnul.
  2895 | D:3      | Reached skill level 5 in Long Blades
  3335 | D:3      | Noticed an angel
  3369 | D:4      | Reached skill level 5 in Fighting
  3391 | D:4      | Reached XP level 7. HP: 53/61 MP: 6/6
  3431 | D:4      | Got a twisted robe
  3446 | D:4      | Identified the cursed +0 robe "Rotuekut" {MR+} (You found it on level 4 of the Dungeon)
  3998 | D:4      | Reached skill level 6 in Long Blades
  4068 | D:4      | Noticed Grinder
  4069 | D:4      | Paralysed by Grinder for 3 turns
  4078 | D:4      | Killed Grinder
  4151 | D:5      | Entered Level 5 of the Dungeon
  4206 | D:5      | Reached XP level 8. HP: 69/69 MP: 7/7
  4213 | D:5      | Reached skill level 7 in Long Blades
  4344 | D:5      | Found a hazy altar of Hepliaklqana.
  5124 | D:6      | Reached skill level 8 in Long Blades
  5124 | D:6      | Reached skill level 1 in Evocations
  5521 | D:6      | Reached XP level 9. HP: 50/78 MP: 9/9
  5724 | D:7      | Reached skill level 9 in Long Blades
  5741 | D:7      | Found a sparkling altar of Nemelex Xobeh.
  5845 | D:7      | Found Uleom's Gadget Emporium.
  5884 | D:7      | Found a staircase to the Ecumenical Temple.
  5896 | Temple   | Entered the Ecumenical Temple
  6057 | Temple   | Became a worshipper of Warmaster Okawaru
  6485 | D:8      | Noticed a two-headed ogre
  6499 | D:8      | Mangled by a two-headed ogre

Skill      XL: |  1  2  3  4  5  6  7  8  9 |
---------------+----------------------------+-----
Fighting       | 4 5 6 |  6.6
Armour         | 4 5 6 7 |  7.5
Shields        | 4 5 6 7 |  7.8
Long Blades    | 4 5 6 8 9 |  9.2
Dodging        | 1 2 |  2.2
Evocations     | 1 |  1.3
Stealth        | |  0.4

Action                   |  1- 3 |  4- 6 |  7- 9 || total
-------------------------+-------+-------+-------++-------
Melee: Long sword        |    57 |   181 |   248 ||   486
       Headbutt          |     7 |    30 |    51 ||    88
Evoke: Wand              |       |       |     9 ||     9
  Use: Scroll            |     1 |     2 |     8 ||    11
       Potion            |       |     1 |       ||     1
  Eat: Chunk             |       |     8 |    10 ||    18
Armor: Scale mail        |    33 |    74 |       ||   107
       Chain mail        |       |       |   113 ||   113
Dodge: Dodged            |    16 |    59 |    73 ||   148
Block: Shield            |    35 |   118 |   130 ||   283
       Rpst.: Long sword |     3 |    15 |    23 ||    41
